 Dungeon Crawl Stone Soup version 0.14.0-17-gc0b17a5 (webtiles) character file.

2512 Maka the Spear-Bearer (level 9, -3/61 HPs)
             Began as a Merfolk Gladiator on Apr 18, 2014.
             Slain by an orc knight
             ... wielding a +0,+0 halberd
              (20 damage)
             ... in a bailey.
             The game lasted 00:28:33 (6926 turns).

Maka the Spear-Bearer (Merfolk Gladiator)           Turns: 6926, Time: 00:28:33

HP  -3/61        AC  6     Str 16      XL: 9   Next: 37%
MP   9/9         EV 19     Int  7      God:
Gold 266         SH  0     Dex 17      Spells:  0 memorised,  8 levels left

rFire  . . .     SeeInvis .     a - +0,+2 halberd (elec)
rCold  . . .     Clarity  .     k - +0 leather armour
rNeg   . . .     Conserve .     (no shield)
rPois  .         rCorr    .     c - +1 helmet
rElec  .         rRot     .     o - +0 cloak
SustAb . .       Spirit   .     (no gloves)
rMut   .         Warding  .     (no boots)
Saprov . . .     Stasis   .     (no amulet)
MR     .....                    (no ring)
                                (no ring)

@: not resistant to hostile enchantments, unstealthy
A: change form in water, swift swim
a: no special abilities


You were in a bailey.
You were not hungry.

You visited 2 branches of the dungeon, and saw 8 of its levels.
You also visited: Bailey.

You collected 266 gold pieces.

Inventory:

Hand weapons
 a - a +0,+2 halberd of electrocution (weapon)
 b - a +0,+0 trident
 m - a +2,+1 halberd of electrocution
 y - a +0,+2 trident
Missiles
 d - a throwing net
 x - 35 tomahawks of returning (quivered)
Armour
 c - a +1 helmet (worn)
 k - a +0 leather armour (worn)
 o - a +0 cloak (worn)
 t - a cursed +2 scale mail of poison resistance
Magical devices
 e - a wand of magic darts (16)
 v - a wand of cold (3)
Comestibles
 f - 2 bread rations
 p - 2 chunks of gnoll flesh
Scrolls
 i - a scroll of blinking
 j - 2 scrolls of identify
 s - 3 scrolls of fear
 w - a scroll of teleportation
Jewellery
 q - an uncursed ring of ice
 r - an uncursed amulet of stasis
Potions
 h - 3 potions of restore abilities
 l - 7 potions of curing
 n - a potion of porridge
 u - 2 potions of brilliance


   Skills:
 - Level 2.1 Fighting
 + Level 13.4 Polearms
 - Level 2.0 Throwing
 + Level 10.8 Dodging


You had 8 spell levels left.
You didn't know any spells.

Dungeon Overview and Level Annotations

Branches:
Dungeon (7/15)             Temple (1/1) D:6

Altars:
Elyvilon
Kikubaaqudgha
Makhleb
Nemelex Xobeh
Okawaru
Trog
Vehumet
Xom
Yredelemnul
Zin
The Shining One

Shops:
D:4 (   D:6 [


Message History

The orc knight hits you from afar with a halberd!
* * * LOW HITPOINT WARNING * * *
Attack whom?
Press: ? - help, Dir - move target cursor, f/p - orc knight
Aim: an orc knight, wielding a halberd and wearing a plate armour (heavily wounded)
You reach to attack!
You hit the orc knight.
The orc knight is heavily wounded.
The orc knight misses you.
Attack whom?
Press: ? - help, Dir - move target cursor, f/p - orc knight
Aim: an orc knight, wielding a halberd and wearing a plate armour (heavily wounded)
You reach to attack!
You barely miss the orc knight.
The orc knight is heavily wounded.
Attack whom?
Press: ? - help, Dir - move target cursor, f/p - orc knight
Aim: an orc knight, wielding a halberd and wearing a plate armour (heavily wounded)
You reach to attack!
You closely miss the orc knight.
The orc knight is heavily wounded.
The orc knight hits you from afar with a halberd!
You die...

#(###)###.#
##(##'##'#
##%....##
###.....###
#.'..⌠..'.#
###.....###
#.%...##
#'##'##'###g#
#.# #.###@'o#
## ### #####


You could see an orc knight and a hobgoblin.

Vanquished Creatures
  The ghost of BluebellGnoll the Cudgeler, an experienced OgBe of Trog (D:5)
  Menkaure (D:4)
  2 sky beasts (D:4)
  An orc warrior (D:4)
  An ogre (D:6)
  3 phantoms
  A giant frog (D:6)
  2 scorpions
  2 crimson imps (D:6)
  2 jellies
  4 orc priests
  3 hounds
  3 worker ants (D:4)
  4 orc wizards
  An iguana (D:4)
  Ijyb (D:2)
  A hound skeleton (D:6)
  17 gnolls
  4 adders
  An inept item mimic (D:5)
  A giant mite (D:3)
  4 worms
  3 giant eyeballs
  A giant gecko (D:7)
  3 oozes
  33 orcs
  9 bats
  10 goblins
  20 hobgoblins
  7 jackals (D:2)
  23 kobolds
  A quokka (D:4)
  5 giant cockroaches
  7 giant newts
  A jackal skeleton (D:6)
  A kobold skeleton (D:5)
  11 rats
  A rat zombie (D:6)
196 creatures vanquished.

Vanquished Creatures (others)
  A goblin (D:1)
1 creature vanquished.

Grand Total: 197 creatures vanquished

Notes
Turn   | Place    | Note
--------------------------------------------------------------
     0 | D:1      | Maka, the Merfolk Gladiator, began the quest for the Orb.
     0 | D:1      | Reached XP level 1. HP: 16/16 MP: 1/1
   100 | D:1      | Reached skill level 5 in Polearms
   100 | D:1      | Reached XP level 2. HP: 15/22 MP: 2/2
   610 | D:2      | Reached XP level 3. HP: 27/27 MP: 3/3
   682 | D:2      | Reached skill level 6 in Polearms
   942 | D:2      | Noticed Ijyb
   955 | D:2      | Killed Ijyb
   955 | D:2      | Reached skill level 7 in Polearms
   955 | D:2      | Reached XP level 4. HP: 12/33 MP: 4/4
  1395 | D:2      | Found an iron altar of Okawaru.
  1417 | D:2      | Reached skill level 8 in Polearms
  1417 | D:2      | Reached XP level 5. HP: 26/38 MP: 5/5
  2289 | D:3      | Reached skill level 5 in Dodging
  2670 | D:4      | Reached skill level 9 in Polearms
  2670 | D:4      | Reached XP level 6. HP: 23/44 MP: 6/6
  3108 | D:4      | Found a glowing golden altar of the Shining One.
  3120 | D:4      | Reached skill level 10 in Polearms
  3199 | D:4      | Found Schokhy's Antique Weapon Boutique.
  3270 | D:4      | Reached XP level 7. HP: 17/50 MP: 7/7
  3280 | D:4      | Paralysed by a giant eyeball for 2 turns
  3403 | D:4      | Noticed a phantom
  3715 | D:4      | Killed a phantom
  3715 | D:4      | Reached skill level 11 in Polearms
  3958 | D:4      | Found a burning altar of Makhleb.
  4187 | D:5      | Entered Level 5 of the Dungeon
  4198 | D:4      | Reached skill level 12 in Polearms
  4372 | D:4      | Reached XP level 8. HP: 17/56 MP: 8/8
  4439 | D:5      | Paralysed by a giant eyeball for 3 turns
  4700 | D:5      | Noticed BluebellGnoll's ghost (experienced OgBe)
  4966 | D:5      | Noticed Menkaure
  5075 | D:4      | Killed Menkaure
  5075 | D:4      | Reached skill level 13 in Polearms
  5722 | D:6      | Found Bofymeq's Antique Armour Boutique.
  5846 | D:6      | Found a staircase to the Ecumenical Temple.
  5853 | Temple   | Entered the Ecumenical Temple
  6045 | D:6      | Reached XP level 9. HP: 61/61 MP: 9/9
  6204 | D:5      | Killed BluebellGnoll's ghost
  6204 | D:5      | Reached skill level 10 in Dodging
  6612 | D:7      | Found a flagged portal.
  6667 | Bailey   | Entered a bailey
  6914 | Bailey   | Noticed an orc knight
  6926 | Bailey   | Slain by an orc knight

Action                   |  1- 3 |  4- 6 |  7- 9 || total
-------------------------+-------+-------+-------++-------
Melee: Trident           |   169 |   252 |   342 ||   763
       Halberd           |       |       |    44 ||    44
Throw: Throwing net      |     2 |       |     3 ||     5
       Tomahawk          |       |       |     9 ||     9
Evoke: Wand              |       |       |     6 ||     6
  Use: Scroll            |       |    10 |     6 ||    16
       Potion            |       |       |     2 ||     2
 Stab: Sleeping          |     1 |     3 |     2 ||     6
       Held in net/web   |     1 |       |     3 ||     4
